| TOP OF THE 1ST |
|
Columbus Skeeters batting - Pitching for Birmingham Barons : LHP Gene Lambert
|
|
Pitching: LHP Gene Lambert
|
|
|
Batting: RHB Randolph Ebersberger
|
0-0: Foul Ball, location: 2F 0-1: Ball 1-1: Ball 2-1: Foul Ball, location: 2F 2-2: Ball 3-2: Foul Ball, location: 2F 3-2: Base on Balls
|
|
Batting: RHB Heri Ramirez
|
0-0: Ball 1-0: Ball 2-0: Called Strike 2-1: Foul Ball, location: 2F 2-2: Ball 3-2: Foul Ball, location: 2F 3-2: SINGLE (Line Drive, 34, EV 103.1 MPH) Randolph Ebersberger to second Randolph Ebersberger to third
|
|
Batting: LHB Sam Horn
|
0-0: Ball 1-0: Foul Ball, location: 2F 1-1: SINGLE (Groundball, 6D, EV 102.5 MPH) Randolph Ebersberger scores Heri Ramirez to second
|
|
Batting: RHB Venoy Garrison
|
0-0: Swinging Strike 0-1: Foul Ball, location: 2F 0-2: Ball 1-2: 3-RUN HOME RUN (Flyball, 89XD, EV 109.4 MPH), Distance : 395 ft
|
|
Batting: LHB John Weller
|
0-0: Ball 1-0: Called Strike 1-1: Ball 2-1: SINGLE (Groundball, 25, EV 75.6 MPH) (infield hit)
|
|
Batting: RHB Danny Sheaffer
|
0-0: Foul Ball, location: 2F 0-1: Grounds into double play, 6-4-3 (Groundball, 6S, EV 80.0 MPH)
|
|
Batting: LHB Jay Erdahl
|
0-0: Called Strike 0-1: Ball 1-1: DOUBLE (Flyball, 8LXD, EV 110.0 MPH)
|
|
Batting: RHB Gregory Pastors
|
0-0: Called Strike 0-1: Ball Wild Pitch! Jay Erdahl to third 1-1: Foul Ball, location: 2F 1-2: Strikes out swinging
|
| Top of the 1st over - 4 runs, 5 hits, 0 errors, 1 left on base; Columbus 4 - Birmingham 0 |
| BOTTOM OF THE 1ST |
|
Birmingham Barons batting - Pitching for Columbus Skeeters : RHP Jim Dorsey
|
|
Pitching: RHP Jim Dorsey
|
|
|
Batting: RHB Bob Bathe
|
0-0: Ball 1-0: Fly out, F3 (Popup, 3F, EV 63.1 MPH)
|
|
Batting: RHB Tim Hulett
|
0-0: Ball 1-0: Ball 2-0: Called Strike 2-1: Ball 3-1: SINGLE (Groundball, 34D, EV 104.4 MPH)
|
|
Batting: RHB Bill R Moore
|
0-0: Called Strike 0-1: Called Strike 0-2: Ball 1-2: Ball 2-2: Foul Ball, location: 2F 2-2: Ball 3-2: Foul Ball, location: 2F 3-2: Foul Ball, location: 2F 3-2: Base on Balls Tim Hulett to second
|
|
Batting: LHB Vernon Ramie
|
0-0: Foul Ball, location: 2F 0-1: Ball 1-1: Ball 2-1: Ball 3-1: Foul Ball, location: 2F 3-2: Grounds into double play, 6-4-3 (Groundball, 56, EV 85.0 MPH)
|
| Bottom of the 1st over - 0 runs, 1 hit, 0 errors, 1 left on base; Columbus 4 - Birmingham 0 |
| TOP OF THE 2ND |
|
Columbus Skeeters batting - Pitching for Birmingham Barons : LHP Gene Lambert
|
|
Batting: SHB Mike Howard
|
0-0: Ground out 4-3 (Groundball, 4, EV 88.1 MPH)
|
|
Batting: RHB Randolph Ebersberger
|
0-0: Ball 1-0: Foul Ball, location: 2F 1-1: Ball 2-1: Ball 3-1: Foul Ball, location: 2F 3-2: Foul Ball, location: 2F 3-2: Base on Balls
|
|
Batting: RHB Heri Ramirez
|
0-0: Fielders Choice at 2nd, 4-6 (Groundball, 34S, EV 84.4 MPH)
|
|
Batting: LHB Sam Horn
|
0-0: Called Strike 0-1: Fielders Choice at 2nd, 5-4 (Groundball, 56, EV 104.4 MPH)
|
| Top of the 2nd over - 0 runs, 0 hits, 0 errors, 1 left on base; Columbus 4 - Birmingham 0 |
| BOTTOM OF THE 2ND |
|
Birmingham Barons batting - Pitching for Columbus Skeeters : RHP Jim Dorsey
|
|
Batting: RHB Anthony Veith
|
0-0: Ball 1-0: Ball 2-0: Ball 3-0: Called Strike 3-1: Foul Ball, location: 2F 3-2: Ground out 5-3 (Groundball, 56, EV 80.6 MPH)
|
|
Batting: LHB Joe Szekely
|
0-0: Ball 1-0: Foul Ball, location: 2F 1-1: Ball 2-1: Ball 3-1: Called Strike 3-2: Strikes out swinging
|
|
Batting: RHB Kenneth Patterson
|
0-0: Ball 1-0: Ball 2-0: Foul Ball, location: 2F 2-1: Ground out U3 (Groundball, 34, EV 106.3 MPH)
|
| Bottom of the 2nd over - 0 runs, 0 hits, 0 errors, 0 left on base; Columbus 4 - Birmingham 0 |
| TOP OF THE 3RD |
|
Columbus Skeeters batting - Pitching for Birmingham Barons : LHP Gene Lambert
|
|
Batting: RHB Venoy Garrison
|
0-0: Ball 1-0: Called Strike 1-1: Swinging Strike 1-2: Foul Ball, location: 2F 1-2: Fly out, F7 (Flyball, 7LM, EV 97.5 MPH)
|
|
Batting: LHB John Weller
|
0-0: Ball 1-0: Ball 2-0: SINGLE (Line Drive, 6D, EV 96.9 MPH)
|
|
Batting: RHB Danny Sheaffer
|
0-0: Foul Ball, location: 2F 0-1: Ball 1-1: DOUBLE (Line Drive, 78M, EV 113.8 MPH) John Weller to third
|
|
Batting: LHB Jay Erdahl
|
0-0: Called Strike 0-1: Ball 1-1: Ground out U3 (Groundball, 3L, EV 80.0 MPH)
|
|
Batting: RHB Gregory Pastors
|
0-0: Called Strike 0-1: Called Strike 0-2: Foul Ball, location: 2F 0-2: Strikes out swinging
|
| Top of the 3rd over - 0 runs, 2 hits, 0 errors, 2 left on base; Columbus 4 - Birmingham 0 |
| BOTTOM OF THE 3RD |
|
Birmingham Barons batting - Pitching for Columbus Skeeters : RHP Jim Dorsey
|
|
Batting: SHB Giampietro Pasquetto
|
0-0: Called Strike 0-1: Ground out 4-3 (Groundball, 4S, EV 80.6 MPH)
|
|
Batting: RHB Rod Johnson
|
0-0: Ball 1-0: Called Strike 1-1: Ball 2-1: Ball 3-1: Fly out, F9 (Line Drive, 9, EV 90.0 MPH)
|
|
Batting: RHB Bob Bathe
|
0-0: Ball 1-0: Called Strike 1-1: Called Strike 1-2: Ball 2-2: Ball 3-2: Base on Balls
|
|
Batting: RHB Tim Hulett
|
0-0: Foul Ball, location: 2F 0-1: Called Strike 0-2: Strikes out swinging
|
| Bottom of the 3rd over - 0 runs, 0 hits, 0 errors, 1 left on base; Columbus 4 - Birmingham 0 |
| TOP OF THE 4TH |
|
Columbus Skeeters batting - Pitching for Birmingham Barons : LHP Gene Lambert
|
|
Batting: SHB Mike Howard
|
0-0: Called Strike 0-1: Ball 1-1: Ball 2-1: SINGLE (Groundball, 4MD, EV 95.6 MPH)
|
|
Batting: RHB Randolph Ebersberger
|
0-0: Ball 1-0: Ball 2-0: Called Strike 2-1: Called Strike 2-2: Foul Ball, location: 2F 2-2: Strikes out looking
|
|
Batting: RHB Heri Ramirez
|
0-0: Called Strike 0-1: Ball 1-1: Called Strike 1-2: Ball 2-2: Fly out, F8 (Flyball, 8RD, EV 90.0 MPH)
|
|
Batting: LHB Sam Horn
|
0-0: SINGLE (Groundball, 4MD, EV 101.3 MPH) Mike Howard to second Runner from 2nd tries for 3rd, SAFE, throw by CF made to third
|
|
Batting: RHB Venoy Garrison
|
0-0: Ball 1-0: Foul Ball, location: 2F 1-1: Foul Ball, location: 2F 1-2: Ball Wild Pitch! Mike Howard scores Sam Horn to second 2-2: Foul Ball, location: 2F 2-2: 2-RUN HOME RUN (Flyball, 7D, EV 93.8 MPH), Distance : 374 ft
|
|
Pitching: LHP Guy Finch
|
|
|
Batting: LHB John Weller
|
0-0: Ball 1-0: Called Strike 1-1: Ball 2-1: Called Strike 2-2: Foul Ball, location: 2F 2-2: Strikes out swinging
|
| Top of the 4th over - 3 runs, 3 hits, 0 errors, 0 left on base; Columbus 7 - Birmingham 0 |
| BOTTOM OF THE 4TH |
|
Birmingham Barons batting - Pitching for Columbus Skeeters : RHP Jim Dorsey
|
|
Batting: RHB Bill R Moore
|
0-0: Foul Ball, location: 2F 0-1: Ball 1-1: Swinging Strike 1-2: Strikes out swinging
|
|
Batting: LHB Vernon Ramie
|
0-0: Ball 1-0: Ball 2-0: Ball 3-0: Base on Balls
|
|
Batting: RHB Anthony Veith
|
0-0: Called Strike 0-1: Ball 1-1: Ball 2-1: Foul Ball, location: 2F 2-2: Fielders Choice at 2nd, 4-6 (Groundball, 4M, EV 86.9 MPH)
|
|
Batting: LHB Joe Szekely
|
0-0: Called Strike 0-1: Foul Ball, location: 2F 0-2: Ball 1-2: Fly out, F9 (Flyball, 89D, EV 91.9 MPH)
|
| Bottom of the 4th over - 0 runs, 0 hits, 0 errors, 1 left on base; Columbus 7 - Birmingham 0 |
| TOP OF THE 5TH |
|
Columbus Skeeters batting - Pitching for Birmingham Barons : LHP Guy Finch
|
|
Batting: RHB Danny Sheaffer
|
0-0: Reached on error, E6 (Groundball, 6S, EV 68.8 MPH)
|
|
Batting: LHB Jay Erdahl
|
0-0: Ball 1-0: Called Strike 1-1: Ball 2-1: Ball 3-1: DOUBLE (Flyball, 8LXD, EV 107.5 MPH) Danny Sheaffer to third
|
|
Batting: RHB Gregory Pastors
|
0-0: Ball 1-0: Called Strike 1-1: Ball 2-1: Foul Ball, location: 2F 2-2: Ball 3-2: Base on Balls
|
|
Batting: SHB Mike Howard
|
0-0: Fly out, F4 (Popup, 34D, EV 49.4 MPH)
|
|
Batting: RHB Randolph Ebersberger
|
0-0: Swinging Strike 0-1: Called Strike 0-2: Strikes out looking
|
|
Batting: RHB Heri Ramirez
|
0-0: Swinging Strike 0-1: Swinging Strike 0-2: Ball 1-2: Ground out 5-3 (Groundball, 56S, EV 81.9 MPH)
|
| Top of the 5th over - 0 runs, 1 hit, 1 error, 3 left on base; Columbus 7 - Birmingham 0 |
| BOTTOM OF THE 5TH |
|
Birmingham Barons batting - Pitching for Columbus Skeeters : RHP Jim Dorsey
|
|
Batting: RHB Kenneth Patterson
|
0-0: Ball 1-0: Swinging Strike 1-1: Fly out, F7 (Flyball, 78S, EV 88.1 MPH)
|
|
Batting: SHB Giampietro Pasquetto
|
0-0: Called Strike 0-1: Ball 1-1: Ball 2-1: Swinging Strike 2-2: Ground out 5-3 (Groundball, 56S, EV 81.3 MPH)
|
|
Batting: RHB Rod Johnson
|
0-0: Ground out 5-3 (Groundball, 56, EV 101.9 MPH)
|
| Bottom of the 5th over - 0 runs, 0 hits, 0 errors, 0 left on base; Columbus 7 - Birmingham 0 |
| TOP OF THE 6TH |
|
Columbus Skeeters batting - Pitching for Birmingham Barons : LHP Guy Finch
|
|
Batting: LHB Sam Horn
|
0-0: Called Strike 0-1: Ball 1-1: SINGLE (Groundball, 3D, EV 96.9 MPH)
|
|
Pitching: RHP Joe Guerrero
|
|
|
Batting: RHB Venoy Garrison
|
0-0: Called Strike 0-1: Ball 1-1: Fly out, F7 (Flyball, 7, EV 86.3 MPH)
|
|
Batting: LHB John Weller
|
0-0: Called Strike 0-1: Called Strike 0-2: Strikes out swinging
|
|
Batting: RHB Danny Sheaffer
|
0-0: Called Strike 0-1: Ball 1-1: Fly out, F7 (Flyball, 7LM, EV 93.8 MPH)
|
| Top of the 6th over - 0 runs, 1 hit, 0 errors, 1 left on base; Columbus 7 - Birmingham 0 |
| BOTTOM OF THE 6TH |
|
Birmingham Barons batting - Pitching for Columbus Skeeters : RHP Jim Dorsey
|
|
Batting: RHB Bob Bathe
|
0-0: Ball 1-0: Ball 2-0: Foul Ball, location: 2F 2-1: Ground out 6-3 (Groundball, 6, EV 104.4 MPH)
|
|
Batting: RHB Tim Hulett
|
0-0: Ball 1-0: Foul Ball, location: 2F 1-1: Foul Ball, location: 2F 1-2: Foul Ball, location: 2F 1-2: DOUBLE (Flyball, 8RXD, EV 98.1 MPH)
|
|
Batting: RHB Bill R Moore
|
0-0: Called Strike 0-1: Foul Ball, location: 2F 0-2: Ball 1-2: Foul Ball, location: 2F 1-2: Fly out, F9 (Flyball, 9S, EV 95.6 MPH)
|
|
Batting: LHB Vernon Ramie
|
0-0: Called Strike 0-1: Ball 1-1: Called Strike 1-2: Ball 2-2: Ball 3-2: Fly out, F7 (Line Drive, 7, EV 91.9 MPH)
|
| Bottom of the 6th over - 0 runs, 1 hit, 0 errors, 1 left on base; Columbus 7 - Birmingham 0 |
| TOP OF THE 7TH |
|
Columbus Skeeters batting - Pitching for Birmingham Barons : RHP Joe Guerrero
|
|
Pinch Hitting: RHB Steve Springer
|
0-0: Called Strike 0-1: Ball 1-1: Ball 2-1: Fly out, F7 (Line Drive, 7, EV 92.5 MPH)
|
|
Pinch Hitting: RHB Randy Kaczmarski
|
0-0: Called Strike 0-1: Ball 1-1: Ball 2-1: SINGLE (Line Drive, 6D, EV 95.0 MPH)
|
|
Pitching: RHP Jay Kibbe
|
|
|
Pinch Hitting: RHB Craig Adams
|
0-0: Ball 1-0: Fly out, F7 (Flyball, 78M, EV 78.8 MPH)
|
|
Batting: RHB Randolph Ebersberger
|
0-0: Ball 1-0: Ball 2-0: Ball 3-0: Base on Balls Randy Kaczmarski to second
|
|
Batting: RHB Heri Ramirez
|
0-0: SINGLE (Groundball, 56S, EV 74.4 MPH) (infield hit) Randy Kaczmarski to third Randolph Ebersberger to second
|
|
Pinch Hitting: LHB Alejandro Arboleda
|
0-0: Ball 1-0: Ground out U3 (Groundball, 3L, EV 99.4 MPH)
|
| Top of the 7th over - 0 runs, 2 hits, 0 errors, 3 left on base; Columbus 7 - Birmingham 0 |
| BOTTOM OF THE 7TH |
|
Birmingham Barons batting - Pitching for Columbus Skeeters : RHP Jim Dorsey
|
|
Now at 1B: Steve Springer
|
|
|
Now at 3B: Randy Kaczmarski
|
|
|
Now in LF: Mike Jones
|
|
|
Now in RF: Craig Adams
|
|
|
Batting: RHB Anthony Veith
|
0-0: Ball 1-0: Ground out 4-3 (Groundball, 34, EV 88.8 MPH)
|
|
Batting: LHB Joe Szekely
|
0-0: Ball 1-0: Called Strike 1-1: Ball 2-1: Ball 3-1: Foul Ball, location: 2F 3-2: Strikes out swinging
|
|
Batting: RHB Kenneth Patterson
|
0-0: Foul Ball, location: 2F 0-1: Foul Ball, location: 2F 0-2: Fly out, F2 (Popup, 5SF, EV 76.9 MPH)
|
| Bottom of the 7th over - 0 runs, 0 hits, 0 errors, 0 left on base; Columbus 7 - Birmingham 0 |
| TOP OF THE 8TH |
|
Columbus Skeeters batting - Pitching for Birmingham Barons : RHP Jay Kibbe
|
|
Batting: RHB Venoy Garrison
|
0-0: Ball 1-0: Swinging Strike 1-1: Ground out 4-3 (Groundball, 4, EV 98.1 MPH)
|
|
Batting: LHB John Weller
|
0-0: Ball 1-0: Called Strike 1-1: Ball 2-1: Ball 3-1: Base on Balls
|
|
Batting: RHB Danny Sheaffer
|
0-0: Foul Ball, location: 2F 0-1: Foul Ball, location: 2F 0-2: SINGLE (Line Drive, 3D, EV 111.3 MPH) John Weller to second
|
|
Pinch Hitting: RHB Gene Laguna
|
0-0: Called Strike 0-1: Fly out, F8 (Flyball, 8LD, EV 102.5 MPH)
|
|
Batting: RHB Randy Kaczmarski
|
0-0: Foul Ball, location: 2F 0-1: Ball 1-1: Ball 2-1: Ball 3-1: Foul Ball, location: 2F 3-2: Foul Ball, location: 2F 3-2: Base on Balls John Weller to third Danny Sheaffer to second
|
|
Batting: RHB Craig Adams
|
0-0: Swinging Strike 0-1: Ball 1-1: SINGLE (Line Drive, 8LS, EV 87.5 MPH) John Weller scores Danny Sheaffer to third Randy Kaczmarski to second Runner from 3rd tries for Home, SAFE, throw by CF to home
|
|
Batting: RHB Randolph Ebersberger
|
0-0: Ball 1-0: Ball 2-0: Called Strike 2-1: Called Strike 2-2: Strikes out swinging
|
| Top of the 8th over - 2 runs, 2 hits, 0 errors, 2 left on base; Columbus 9 - Birmingham 0 |
| BOTTOM OF THE 8TH |
|
Birmingham Barons batting - Pitching for Columbus Skeeters : RHP Jim Dorsey
|
|
Now at 1B: George Dierberger
|
|
|
Pinch Hitting: SHB James Wallace
|
0-0: Ball 1-0: Fly out, F7 (Flyball, 7D, EV 86.3 MPH)
|
|
Batting: RHB Rod Johnson
|
0-0: Fly out, F8 (Line Drive, 8LD, EV 104.4 MPH)
|
|
Batting: RHB Bob Bathe
|
0-0: Called Strike 0-1: Ground out 4-3 (Groundball, 4, EV 90.6 MPH)
|
| Bottom of the 8th over - 0 runs, 0 hits, 0 errors, 0 left on base; Columbus 9 - Birmingham 0 |
| TOP OF THE 9TH |
|
Columbus Skeeters batting - Pitching for Birmingham Barons : RHP Jay Kibbe
|
|
Now at 2B: James Wallace
|
|
|
Batting: RHB Heri Ramirez
|
0-0: Ball 1-0: Called Strike 1-1: Ground out U3 (Groundball, 34, EV 96.9 MPH)
|
|
Batting: LHB Mike Jones
|
0-0: Foul Ball, location: 2F 0-1: Ball 1-1: Fly out, F8 (Flyball, 8RS, EV 90.0 MPH)
|
|
Batting: RHB Venoy Garrison
|
0-0: Ball 1-0: Foul Ball, location: 2F 1-1: Called Strike 1-2: Fly out, F8 (Flyball, 78M, EV 93.8 MPH)
|
| Top of the 9th over - 0 runs, 0 hits, 0 errors, 0 left on base; Columbus 9 - Birmingham 0 |
| BOTTOM OF THE 9TH |
|
Birmingham Barons batting - Pitching for Columbus Skeeters : RHP Jim Dorsey
|
|
Batting: RHB Tim Hulett
|
0-0: Foul Ball, location: 2F 0-1: Ball 1-1: Foul Ball, location: 2F 1-2: Ball 2-2: Strikes out swinging
|
|
Batting: RHB Bill R Moore
|
0-0: Ball 1-0: SINGLE (Groundball, 56D, EV 95.6 MPH)
|
|
Batting: LHB Vernon Ramie
|
0-0: Swinging Strike 0-1: Ball 1-1: Ball 2-1: Swinging Strike 2-2: Strikes out swinging
|
|
Batting: RHB Anthony Veith
|
0-0: Called Strike 0-1: Ball 1-1: Ball 2-1: SINGLE (Groundball, 5D, EV 97.5 MPH) Bill R Moore to second
|
|
Pitching: LHP Keith Comstock
|
|
|
Pinch Hitting: RHB Nick Hernandez
|
0-0: Swinging Strike 0-1: Foul Ball, location: 2F 0-2: Ball 1-2: Ball 2-2: Foul Ball, location: 2F 2-2: Strikes out swinging
|
| Bottom of the 9th over - 0 runs, 2 hits, 0 errors, 2 left on base; Columbus 9 - Birmingham 0 |
|